 Dungeon Crawl Stone Soup version 0.21.1-1-g345015f (webtiles) character file.

58 relionnb the Chopper (level 3, 0/29 HPs)
             Began as a Demonspawn Chaos Knight on Mar 2, 2018.
             Slain by a worm (4 damage)
             ... on level 2 of the Dungeon.
             The game lasted 00:12:07 (1334 turns).

relionnb the Chopper (Demonspawn Chaos Knight)      Turns: 1334, Time: 00:12:07

Health: 0/29       AC:  5    Str: 13    XL:     3   Next: 76%
Magic:  3/3        EV: 11    Int: 13    God:    Xom [...*..]
Gold:   83         SH:  0    Dex: 14    Spells: 2/2 levels left

rFire    + . .     SeeInvis .   a - +0 hand axe (chaos)
rCold    . . .     Gourm    .   (no shield)
rNeg     . . .     Faith    .   b - +2 leather armour
rPois    .         Spirit   .   (no helmet)
rElec    .         Reflect  .   (no cloak)
rCorr    .         Harm     .   (no gloves)
MR       .....                  (no boots)
Stlth    ++........             (no amulet)
HPRegen  0.09/turn              (no ring)
MPRegen  0.08/turn              (no ring)

@: no status effects
A: thin skeletal structure 1, fire resistance 1
a: Renounce Religion


You were on level 2 of the Dungeon.
You worshipped Xom.
You were a favourite toy of Xom.
You were hungry.

You visited 1 branch of the dungeon, and saw 2 of its levels.

You collected 83 gold pieces.

Inventory:

Hand Weapons
 a - a +0 hand axe of chaos (weapon)
 d - a +0 club
 g - a +0 whip
 i - a +0 whip
 k - a +0 whip
 l - a +0 club
 p - a +0 dagger
 r - a cursed +0 dagger
 s - a +0 club
 v - a +0 hunting sling
Missiles
 h - 5 stones
 q - 2 javelins
 t - 31 sling bullets
 w - 2 curare-tipped needles (quivered)
 x - 31 arrows
Armour
 b - a +2 leather armour (worn)
 y - a +0 pair of gloves
Scrolls
 e - a scroll of enchant armour {unknown}
 j - 3 scrolls of identify {unknown}
 n - a scroll of enchant weapon {unknown}
 u - a scroll of teleportation {unknown}
Potions
 m - a potion of heal wounds {unknown}
 o - 3 potions of curing {unknown}
Comestibles
 c - 3 rations
 f - 2 chunks of flesh


   Skills:
 + Level 3.3 Fighting
 * Level 3.6 Axes
 + Level 2.1 Armour
 + Level 1.3 Dodging
 + Level 0.4 Stealth


You had 2 spell levels left.
You didn't know any spells.

Dungeon Overview and Level Annotations

Branches:
Dungeon (2/15)

Altars:
Okawaru


Innate Abilities, Weirdness & Mutations

You have a somewhat thin skeletal structure. (Dex +2, Stealth)
Your flesh is heat resistant. (rF+)


Message History

The kobold closely misses you.
You hit the kobold. You burn the kobold.
You kill the kobold!
You barely miss the worm. You hit the worm. You freeze the worm.
The worm is lightly wounded.
The worm closely misses you.
You barely miss the worm.
The worm is lightly wounded.
The worm misses you.
You barely miss the worm. You slash the worm!
The worm is heavily wounded.
The worm bites you!
* * * LOW HITPOINT WARNING * * *
You hit the worm. You burn the worm.
The worm is heavily wounded.
The worm bites you.
You die... "It's all fun and games until someone loses an eye."

### ######## ##########..
#......# ##........... #......#
#..####.####. #......#
#..##.....##.
##......#######..#.......#. ##
##........w@......#.......#.
.#####.w......#######......_.....
.....).#.......## ##.#.......#.
................# #.#.......#.
..###......###...# #.##.....##.
#...........# .#.# #.####.####.
##.............#... #..)).......
##..(........## ### ####..†.....
#............. #........


You could see a worm.

Vanquished Creatures
  An adder (D:2)
  A dart slug (D:1)
  A leopard gecko (D:1)
  4 goblins
  8 hobgoblins
  5 jackals (D:1)
  9 kobolds
  6 bats
  3 frilled lizards
  4 rats
  A plant (D:1)
43 creatures vanquished.

Vanquished Creatures (others)
  A hobgoblin (D:1)
1 creature vanquished.

Grand Total: 44 creatures vanquished

Notes
Turn   | Place    | Note
-------+----------+-------------------------------------------
     0 | D:1      | relionnb the Demonspawn Chaos Knight began the quest for the Orb.
     0 | D:1      | Reached XP level 1. HP: 18/18 MP: 1/1
    61 | D:1      | XOM: potion effect (agility)
    61 | D:1      | Reached skill level 1 in Dodging
    99 | D:1      | Gained mutation: Your flesh is heat resistant. (rF+) [demonic ancestry]
    99 | D:1      | Reached XP level 2. HP: 24/24 MP: 2/2
   414 | D:1      | XOM is BORED!
   414 | D:1      | XOM: harmless Air miscast
   591 | D:1      | Gained mutation: You have a somewhat thin skeletal structure. (Dex +2, Stealth) [demonic ancestry]
   591 | D:1      | Reached XP level 3. HP: 26/29 MP: 3/3
   781 | D:1      | XOM: harmless Summ miscast
  1145 | D:2      | Found an iron altar of Okawaru.
  1334 | D:2      | Slain by a worm

Skill      XL: |  1  2  3 |
---------------+----------+-----
Dodging        | 1 |  1.3
Axes           | 3 |  3.6
Armour         | 2 |  2.1
Fighting       | |  3.3
Stealth        | |  0.4

Action                   || total
-------------------------++-------
Melee: Hand axe          ||   159
 Stab: Distracted        ||     1
       Confused          ||     1
       Sleeping          ||     1
  Eat: Chunk             ||     1
Armor: Leather armour    ||    48
Dodge: Dodged            ||    80
